 Dungeon Crawl Stone Soup version 0.19.4-8-ga85b6b9 (webtiles) character file.

161 protoss039 the Cudgeler (level 5, 0/39 HPs)
             Began as a Demonspawn Gladiator on Feb 10, 2017.
             Slain by an iguana (10 damage)
             ... on level 4 of the Dungeon.
             The game lasted 00:05:45 (2235 turns).

protoss039 the Cudgeler (Demonspawn Gladiator)      Turns: 2235, Time: 00:05:45

Health: 0/39       AC: 10    Str: 16    XL:     5   Next: 18%
Magic:  0/5        EV:  5    Int: 10    God:
Gold:   114        SH: 11    Dex: 13    Spells: 0 memorised, 4 levels left

rFire  . . .     SeeInvis .     a - +0 flail
rCold  . . .     Gourm    .     q - +0 scale mail
rNeg   . . .     Faith    .     e - +0 large shield
rPois  .         Spirit   +     c - +0 helmet
rElec  .         Reflect  .     (no cloak)
rCorr  .         Harm     .     (no gloves)
MR     .....                    s - +0 pair of boots
Stlth  ..........               (no amulet)
                                (no ring)
                                (no ring)

@: drained
A: thin metallic scales 1, magic shield
a: no special abilities


You were on level 4 of the Dungeon.
You were not hungry.

You visited 1 branch of the dungeon, and saw 4 of its levels.

You collected 114 gold pieces.

Inventory:

Hand Weapons
 a - a +0 flail (weapon)
Missiles
 d - 3 throwing nets (quivered)
Armour
 c - a +0 helmet (worn)
 e - a +0 large shield (worn)
 q - a +0 scale mail (worn)
 s - a +0 pair of boots (worn)
Wands
 g - a wand of disintegration (14/24)
Scrolls
 h - 3 scrolls of identify {unknown}
 k - 2 scrolls of amnesia {unknown}
 m - a scroll of random uselessness {unknown}
 o - a scroll of noise {unknown}
 r - a scroll of remove curse {unknown}
Potions
 b - a potion of ambrosia {unknown}
 j - 2 potions of mutation {unknown}
 l - a potion of lignification {unknown}
 n - a potion of curing {unknown}
 p - a potion of berserk rage {unknown}
Comestibles
 f - 6 bread rations
 i - a meat ration


   Skills:
 + Level 2.6(1.9) Fighting
 * Level 4.5(3.8) Maces & Flails
 + Level 1.8(1.2) Throwing
 + Level 1.0(0.3) Armour
 - Level 2.6(2.0) Dodging
 + Level 1.4(0.7) Shields


You had 4 spell levels left.
You didn't know any spells.

Dungeon Overview and Level Annotations

Branches:
Dungeon (4/15)
 Temple: D:4-7

Altars:


Innate Abilities, Weirdness & Mutations

You are partially covered in thin metallic scales. (AC +2)
When hurt, damage is shared between your health and your magic reserves.


Message History

You are too injured to fight recklessly!
You are too injured to fight recklessly!
You are too injured to fight recklessly!
You are too injured to fight recklessly!
You are too injured to fight recklessly!
You are too injured to fight recklessly!
You are too injured to fight recklessly!
You are too injured to fight recklessly!
You are too injured to fight recklessly!
You are too injured to fight recklessly!
You are too injured to fight recklessly!
You are too injured to fight recklessly!
Unknown command.
Unknown command.
You thump the orc priest!
You kill the orc priest!
Your base Armour skill increases to level 1!
You have reached level 5!
You block the orc's attack. The iguana bites you!
You die...

.. #....<..#.#
#.###.#.###.#.#
........###.#.#
..............#
####...###.#.# #
#.....#.#.#
#.#.####..##.#.#.#
#......#).##...#.#
....>.)o@.........
###.##.##l.......#
... ...#######
..... ...#
.......<....
............#
.........#..#
####... ..#


You could see an iguana and an orc.

Vanquished Creatures
  An orc priest (D:4)
  An orc wizard (D:3)
  3 adders (D:2)
  A worm (D:2)
  3 leopard geckos
  4 orcs
  A ball python (D:1)
  2 giant cockroaches
  9 goblins
  4 hobgoblins
  7 jackals
  2 quokkas (D:2)
  7 bats
  6 frilled lizards
  10 kobolds
  3 rats
64 creatures vanquished.

Notes
Turn   | Place    | Note
-------+----------+-------------------------------------------
     0 | D:1      | protoss039 the Demonspawn Gladiator began the quest for the Orb.
     0 | D:1      | Reached XP level 1. HP: 16/16 MP: 1/1
    65 | D:1      | Reached skill level 3 in Maces & Flails
   149 | D:1      | Gained mutation: You are partially covered in thin metallic scales. (AC +2) [demonic ancestry]
   149 | D:1      | Reached XP level 2. HP: 19/22 MP: 2/2
   684 | D:2      | Reached XP level 3. HP: 27/27 MP: 3/3
  1156 | D:2      | Reached skill level 4 in Maces & Flails
  1156 | D:2      | Reached skill level 1 in Shields
  1156 | D:2      | Gained mutation: When hurt, damage is shared between your health and your magic reserves. [demonic ancestry]
  1156 | D:2      | Reached XP level 4. HP: 15/33 MP: 4/4
  2235 | D:4      | Reached skill level 1 in Armour
  2235 | D:4      | Reached XP level 5. HP: 10/39 MP: 1/5
  2235 | D:4      | Slain by an iguana

Skill      XL: |  1  2  3  4 |
---------------+-------------+-----
Maces & Flails | 3 4 |  4.5
Shields        | 1 |  1.4
Armour         | 1 |  1.0
Fighting       | |  2.6
Throwing       | |  1.8
Dodging        | |  2.6

Action                   |  1- 3 |  4- 6 || total
-------------------------+-------+-------++-------
Melee: Flail             |   160 |   111 ||   271
  Eat: Chunk             |     1 |     4 ||     5
Armor: Leather armour    |     8 |       ||     8
       Ring mail         |    82 |     2 ||    84
       Scale mail        |       |    73 ||    73
Dodge: Dodged            |    50 |    41 ||    91
Block: Large shield      |   108 |    83 ||   191
